 Dungeon Crawl Stone Soup version 0.30-a0-726-gd89dcf765f (webtiles) character file.

Game seed: 14032926118629296811

10713 Flugkiller the Zephyrmancer (level 11, -4/72 HPs)
             Began as an Octopode Air Elementalist on Jan 29, 2023.
             Was an Elder of Sif Muna.
             Killed from afar by a wizard (23 damage)
             ... with a fireball
             ... on level 10 of the Dungeon.
             The game lasted 00:21:54 (13136 turns).

Flugkiller the Zephyrmancer (OpAE)                 Turns: 13136, Time: 00:21:55

Health: -4/72      AC:  1    Str: 17    XL:     11   Next: 66%
Magic:  8/23       EV: 21    Int: 31    God:    Sif Muna [****..]
Gold:   365        SH:  7    Dex: 20    Spells: 6/26 levels left

rFire   . . .      SeeInvis .    a - +4 hammer of Utradwyfe {elec, Str+4 Dex+2}
rCold   + . .      Faith    .    u - +1 buckler
rNeg    . . .      Spirit   .    r - +0 hat of the Learner {rC+ Dex+5}
rPois   +          Reflect  .    (no amulet)
rElec   .          Harm     .    L - +6 ring of strength
rCorr   .          Rampage  .    o - ring of poison resistance
Will    +....                    p - ring of the Middle {Int+3 Slay+4}
Stlth   +++                      v - +5 ring of evasion
HPRegen 0.32/turn                m - ring of willpower
MPRegen 0.18/turn                I - +6 ring of intelligence
                                 (no ring)
                                 (no ring)

@: no status effects
A: almost no armour, amphibious, 8 rings, camouflage 1, gelatinous body 1,
(nimble swimmer 1), tentacles
a: Renounce Religion, Channel Magic, Forget Spell, Divine Exegesis


You were on level 10 of the Dungeon.
You worshipped Sif Muna.
Sif Muna was greatly pleased with you.
You visited 1 branch of the dungeon, and saw 10 of its levels.
You also visited: Sewer and Bailey.

You collected 821 gold pieces.
You spent 456 gold pieces at shops.

Inventory:

Hand Weapons
 a - the +4 hammer of Utradwyfe (weapon) {elec, Str+4 Dex+2}
   (You found it on level 6 of the Dungeon)

   Str:       It affects your strength (+4).
   Dex:       It affects your dexterity (+2).
Missiles
 g - 2 javelins
 l - 2 curare-tipped darts
 J - 5 throwing nets
Armour
 r - the +0 hat of the Learner (worn) {rC+ Dex+5}
   (You acquired it in a bailey)

   Dex:       It affects your dexterity (+5).
   rC:        It protects you from cold.
 u - a +1 buckler (worn)
   (You found it on level 1 of the Dungeon)
Magical Staves
 b - a staff of conjuration
   (You found it on level 10 of the Dungeon)
Jewellery
 m - a ring of willpower (on tentacle)
   (You found it on level 9 of the Dungeon)
 o - a ring of poison resistance (right tentacle)
   (You found it on level 2 of the Dungeon)
 p - the ring of the Middle (on tentacle) {Int+3 Slay+4}
   (You found it on level 2 of the Dungeon)

   [ring of slaying]

   Int:       It affects your intelligence (+3).
   Slay:      It affects your accuracy & damage with ranged weapons and melee
   (+4).
 v - a +5 ring of evasion (on tentacle)
   (You found it on level 5 of the Dungeon)
 I - a +6 ring of intelligence (on tentacle)
   (You found it on level 10 of the Dungeon)
 L - a +6 ring of strength (left tentacle)
   (You found it on level 1 of the Dungeon)
Wands
 c - a wand of polymorph (5)
   (You took it off Natasha on level 2 of the Dungeon)
 s - a wand of charming (6)
   (You found it on level 8 of the Dungeon)
 y - a wand of flame (44)
   (You took it off Dowan on level 6 of the Dungeon)
 A - a wand of mindburst (4)
   (You found it on level 6 of the Dungeon)
Scrolls
 e - 2 scrolls of fog
 i - 3 scrolls of immolation
 t - 3 scrolls of teleportation
 z - 3 scrolls of blinking
 C - a scroll of enchant weapon
 D - a scroll of fear
 E - a scroll of enchant armour
 H - a scroll of amnesia {unknown}
Potions
 d - 7 potions of might
 f - a potion of attraction
 h - 9 potions of haste
 j - a potion of cancellation
 k - a potion of lignification {unknown}
 n - 3 potions of resistance
 q - 5 potions of curing
 w - 4 potions of heal wounds
 x - 3 potions of invisibility
 B - a potion of mutation {unknown}
 F - a potion of ambrosia {unknown}
 G - a potion of magic
 K - a potion of berserk rage {unknown}


   Skills:
 - Level 6.0 Fighting
 - Level 6.0 Dodging
 - Level 2.6 Stealth
 - Level 4.0 Shields
 - Level 8.0 Spellcasting
 - Level 7.0 Conjurations
 - Level 10.0 Air Magic
 + Level 3.8 Invocations
 - Level 5.0 Evocations


You had 6 spell levels left.
You knew the following spells:

 Your Spells              Type           Power      Damage    Failure   Level
a - Shock                 Conj/Air       100%       1d9       1%          1
b - Static Discharge      Conj/Air       100%       2-7/arc   1%          2
c - Airstrike             Air            32%        2d(5-21)  1%          4
d - Arcjolt               Conj/Air       30%        1d40      4%          5
e - Lightning Bolt        Conj/Air       30%        1d47      4%          5
w - Swiftness             Air            65%        N/A       1%          3

Your spell library contained the following spells:

 Spells                   Type           Power      Damage    Failure   Level
 Magic Dart               Conj           100%       1d8       1%          1
 Vhi's Electric Charge    Tloc/Air       86%        N/A       1%          3
 Summon Small Mammal      Summ           48%        N/A       4%          1
 Ensorcelled Hibernation  Hex/Ice        24%        N/A       8%          2
 Scorch                   Fire           24%        2d6       8%          2
 Flame Wave               Conj/Fire      34%        2d10      12%         4
 Call Canine Familiar     Summ           12%        N/A       16%         3
 Spider Form              Tmut/Pois      12%        N/A       16%         3
 Summon Guardian Golem    Hex/Summ       12%        N/A       16%         3
 Anguish                  Hex/Necr       6%         N/A       45%         4
 Summon Cactus Giant      Summ           6%         N/A       100%        6


Dungeon Overview and Level Annotations

Branches:
Dungeon (10/15) Zot: 26209  Temple (0/1) D:6            Lair (0/5) D:9
  Sewer (visited)          Bailey (visited)
    Orc: D:9-12

Altars:
Ashenzari
Cheibriados
Elyvilon
Makhleb
Okawaru
Sif Muna
Uskayaw
Wu Jian
The Shining One

Shops:
D:5 ::   D:8 =

Annotations:
D:5 2 transporters
D:10 exclusions: meliai and queen bee


Innate Abilities, Weirdness & Mutations

You cannot wear most types of armour.
You are amphibious.
You can wear up to eight rings at the same time.
Your skin changes colour to match your surroundings (Stealth+).
Your rubbery body absorbs attacks. (AC +1, EV +1)
((You are camouflaged when in or above water. (Stealth+)))
You have tentacles for arms and can constrict up to eight enemies at once.


Message History

Aim: a steam dragon (almost dead, 74% to hit)
The zap hits the steam dragon!
You kill the steam dragon!
Sif Muna accepts your kill.
The steam dragon scales are intact enough to wear.
Training target 8.0 for Spellcasting reached!
Your Spellcasting skill increases to level 8!
You need to enable at least one skill for training.
A killer bee comes into view.
Casting: Shock (safe; 1% risk of failure)
Confirm with . or Enter, or press ? or * to list all spells.
Aiming: Airstrike (dangerous; 1% risk of failure)
Press: ? - help, Dir - move target, f - meliai
Aim: a meliai, wielding a +0 hand axe and wearing a +0 leather armour (empty space bonus: 4/8)
The air twists around and strikes the meliai!
The meliai is heavily wounded.
The killer bee buzzes angrily.
The meliai calls down the wrath of its god upon you.
Something smites you!
Casting: Airstrike (dangerous; 1% risk of failure)
Confirm with . or Enter, or press ? or * to list all spells.
Aiming: Airstrike (dangerous; 1% risk of failure)
Press: ? - help, Dir - move target, f/p - meliai
Aim: a meliai, wielding a +0 hand axe and wearing a +0 leather armour (heavily wounded, empty space bonus: 4/8)
The air twists around and strikes the meliai!!
You kill the meliai!
Sif Muna accepts your kill.
You sock the killer bee! You grab the killer bee. You squeeze the killer bee.
You kill the killer bee!
Sif Muna accepts your kill.
You hear a roar!
An acid dragon comes into view.
You see here a killer bee corpse.
Casting: Airstrike (dangerous; 1% risk of failure)
Confirm with . or Enter, or press ? or * to list all spells.
Aiming: Airstrike (dangerous; 1% risk of failure)
Press: ? - help, Dir - move target, f - acid dragon
Aim: an acid dragon (wandering, hasn't noticed you, empty space bonus: 5/8)
The air twists around and strikes the acid dragon but does no damage.
The acid dragon roars!
Casting: Airstrike (dangerous; 1% risk of failure)
Confirm with . or Enter, or press ? or * to list all spells.
Aiming: Shock (safe; 1% risk of failure)
Press: ? - help, Shift-Dir - straight line, f/p - acid dragon
Aim: an acid dragon (74% to hit)
That beam is likely to hit you.
Continue anyway? [Y]es or [N]o only, please.
That beam is likely to hit you.
Continue anyway?
Okay, then.
Casting: Shock (safe; 1% risk of failure)
Confirm with . or Enter, or press ? or * to list all spells.
You don't have enough magic to cast this spell.
Unknown command.
You sock the acid dragon!
The acid dragon is moderately wounded.
The acid dragon bites you. You block the acid dragon's attack.
A yak comes into view.
You block the acid dragon's attack. The acid dragon completely misses you.
You closely miss the acid dragon.
You squeeze the acid dragon, but do no damage.
The acid dragon is moderately wounded.
You block the acid dragon's attack. The acid dragon barely misses you.
You hit the acid dragon. You squeeze the acid dragon.
The acid dragon is severely wounded.
A yak comes into view.
The acid dragon bites you! The acid dragon claws you.
Casting: Shock (safe; 1% risk of failure)
Confirm with . or Enter, or press ? or * to list all spells.
Aiming: Airstrike (dangerous; 1% risk of failure)
Press: ? - help, Dir - move target, f/p - acid dragon
Aim: an acid dragon (severely wounded, empty space bonus: 7/8)
The air twists around and strikes the acid dragon!!
You kill the acid dragon!
Sif Muna accepts your kill.
The acid dragon scales are intact enough to wear.
The yak bellows!
You hear a bellow!
Unknown command.
Things that are here:
a +0 hand axe; a +0 leather armour
Things that are here:
+0 steam dragon scales; a steam dragon corpse
Things that are here:
a +0 club; a kobold skeleton Something hits you!
Deactivating autopickup; reactivate with Ctrl-A.
Something completely misses you. Something barely misses you.
Something hits you. You block something's attack. Something hits you.
Something hits you! Something hits you.
* * * LOW HITPOINT WARNING * * *
Blink to where?
Press: ? - help, Dir - move target A wizard comes into view.
It is wielding a +0 dagger.
As you read the scroll of blinking, it crumbles to dust.
The wizard shouts!
The wizard gestures at you while chanting.
The fireball explodes!
The fireball engulfs you!!
You die...

#.##..>.........>...
#.#..>..........##.#
#......p......[
#..............
#..............
##.............
#.....)......# #.
#..........###...
##@......###.....
#.....###.).....
#.#.##..........
##.#...###.......
#........###.....
#.....#..ยง.###...
#.......##.Y.###.
####...).......###
#.......#.#...#


You could see a wizard.

Vanquished Creatures
  An orc warlord (Bailey)
  Harold (D:10)
  A two-headed ogre (D:9)
  2 orc knights (Bailey)
  A komodo dragon (D:10)
  A troll (D:5)
  A meliai (D:10)
  A wraith (D:10)
  A wyvern (D:8)
  9 yaks
  4 steam dragons
  Menkaure (D:6)
  2 acid dragons (D:10)
  A water moccasin (D:5)
  Duvessa (D:6)
  12 orc warriors
  2 sky beasts
  An ice beast (D:7)
  3 black bears
  An ogre (D:6)
  A centaur (D:10)
  A gnoll sergeant (D:8)
  4 kobold brigands
  2 scorpions
  5 wights (D:9)
  Dowan (D:6)
  6 killer bees
  5 howler monkeys
  Crazy Yiuf (D:6)
  4 hounds
  3 jellies
  5 orc priests
  2 iguanas
  Terence (D:3)
  Ijyb (D:2)
  Natasha (thrice) (D:2)
  11 orc wizards
  Robin (D:2)
  15 gnolls
  5 adders
  A shadow imp (D:6)
  2 white imps
  2 ufetubi
  6 worms
  2 dart slugs
  30 orcs
  6 ball pythons
  11 endoplasms
  2 giant cockroaches
  21 hobgoblins
  3 quokkas
  5 bats
  5 frilled lizards
  25 goblins
  11 kobolds
  6 rats
262 creatures vanquished.

Vanquished Creatures (collateral kills)
  2 orc warriors (Bailey)
  3 gnolls (Bailey)
  4 orcs (Bailey)
  A goblin (Bailey)
10 creatures vanquished.

Vanquished Creatures (others)
  4 fungi (D:9)
  7 plants (D:9)
11 creatures vanquished.

Grand Total: 283 creatures vanquished

Notes
Turn   | Place    | Note
-------+----------+-------------------------------------------
     0 | D:1      | Flugkiller the Octopode Air Elementalist began the quest
                  | for the Orb.
     0 | D:1      | Reached XP level 1. HP: 11/11 MP: 3/3
   309 | D:1      | Reached XP level 2. HP: 17/17 MP: 1/5
   645 | D:2      | Learned a level 2 spell: Static Discharge
   646 | D:2      | Noticed Robin
   651 | D:2      | Reached XP level 3. HP: 21/21 MP: 1/6
   778 | D:2      | Killed Robin
   933 | D:2      | Noticed Ijyb
   977 | D:2      | Killed Ijyb
   978 | D:2      | Reached skill level 4 in Air Magic
   978 | D:2      | Reached XP level 4. HP: 15/27 MP: 2/8
  1490 | D:2      | Noticed Natasha
  1494 | D:2      | Killed Natasha
  1495 | D:2      | Reached skill level 5 in Air Magic
  1495 | D:2      | Reached XP level 5. HP: 30/31 MP: 7/9
  1500 | D:2      | Identified the ring of the Middle {Int+3 Slay+4}
  1506 | D:2      | Noticed Natasha
  1510 | D:2      | Killed Natasha
  1511 | D:2      | Reached skill level 1 in Fighting
  1806 | D:2      | Noticed Natasha
  1822 | D:2      | Killed Natasha
  1917 | D:2      | Learned a level 3 spell: Swiftness
  1922 | D:2      | Learned a level 4 spell: Airstrike
  2588 | D:3      | Noticed Terence
  2597 | D:3      | Killed Terence
  2761 | D:3      | Found a shimmering blue altar of Sif Muna.
  2771 | D:3      | Reached XP level 6. HP: 39/39 MP: 6/10
  2838 | D:3      | Got Sif Muna's Discursus on Arcane Combat
  2846 | D:3      | Became a worshipper of Sif Muna the Loreminder
  3028 | D:3      | Found a glowing golden altar of the Shining One.
  3590 | D:4      | Reached skill level 1 in Shields
  3752 | D:4      | Found a glowing drain.
  3811 | Sewer    | Entered a sewer
  3848 | Sewer    | Reached XP level 7. HP: 45/45 MP: 4/12
  3988 | Sewer    | Reached * piety under Sif Muna
  4861 | D:5      | Entered Level 5 of the Dungeon
  5025 | D:5      | Found a broken altar of Ashenzari.
  5033 | D:5      | Reached skill level 6 in Air Magic
  5033 | D:5      | Reached XP level 8. HP: 47/54 MP: 14/14
  5157 | D:5      | Noticed a troll
  5199 | D:5      | Killed a troll
  5421 | D:5      | Found a transporter.
  5476 | D:5      | Found Rafen's Book Shop.
  5578 | D:5      | Reached ** piety under Sif Muna
  5702 | D:5      | Found a transporter.
  5912 | D:5      | Found Ufuxod's Tremendous Tomes.
  6051 | D:6      | Reached skill level 5 in Spellcasting
  6181 | D:6      | Reached skill level 7 in Air Magic
  6278 | D:6      | Found a staircase to the Ecumenical Temple.
  6669 | D:6      | Reached XP level 9. HP: 58/58 MP: 14/18
  6716 | D:6      | Noticed Menkaure
  6719 | D:6      | Killed Menkaure
  7020 | D:6      | Found an ornate altar of the Wu Jian Council.
  7041 | D:6      | Noticed Duvessa
  7043 | D:6      | Killed Duvessa
  7044 | D:6      | Reached skill level 1 in Invocations
  7070 | D:6      | Noticed Dowan
  7071 | D:6      | Killed Dowan
  7271 | D:6      | Found a runed translucent door.
  7272 | D:6      | Noticed Crazy Yiuf
  7296 | D:6      | Found a hide-covered altar of Uskayaw.
  7460 | D:6      | Killed Crazy Yiuf
  7578 | D:6      | Identified the +4 hammer of Utradwyfe {elec, Str+4 Dex+2}
  7627 | D:7      | Found a flagged portal.
  7642 | Bailey   | Entered a bailey
  7703 | Bailey   | Reached skill level 1 in Evocations
  7783 | Bailey   | Reached *** piety under Sif Muna
  7902 | Bailey   | Noticed an orc knight
  7904 | Bailey   | Noticed an orc knight
  7921 | Bailey   | Reached skill level 8 in Air Magic
  7947 | Bailey   | Killed an orc knight
  8225 | Bailey   | Killed an orc knight
  8226 | Bailey   | Reached skill level 9 in Air Magic
  8226 | Bailey   | Reached skill level 5 in Evocations
  8226 | Bailey   | Reached XP level 10. HP: 63/63 MP: 12/20
  8492 | Bailey   | Noticed an orc warlord
  8507 | Bailey   | Killed an orc warlord
  8508 | Bailey   | Reached skill level 10 in Air Magic
  8508 | Bailey   | Reached skill level 5 in Fighting
  8689 | Bailey   | Identified the -1 pair of gloves of the Morning {*Slow
                  | Will+ SInv}
  8756 | Bailey   | Acquired the +0 hat of the Learner {rC+ Dex+5}
  9703 | D:5      | Bought a book of Lightning for 456 gold pieces
  9709 | D:5      | Learned a level 5 spell: Arcjolt
  9715 | D:5      | Learned a level 5 spell: Lightning Bolt
  9775 | D:8      | Found a burning altar of Makhleb.
  9829 | D:8      | Found Wuckyhy's Jewellery Shop.
 10099 | D:8      | Found a snail-covered altar of Cheibriados.
 10193 | D:8      | Reached **** piety under Sif Muna
 10755 | D:8      | Reached XP level 11. HP: 72/72 MP: 8/21
 10892 | D:8      | Reached skill level 5 in Dodging
 10892 | D:8      | Reached skill level 5 in Conjurations
 11063 | D:8      | Found a white marble altar of Elyvilon.
 11345 | D:9      | Found a staircase to the Lair.
 11488 | D:9      | Noticed a two-headed ogre
 11492 | D:9      | Killed a two-headed ogre
 12224 | D:9      | Found an iron altar of Okawaru.
 12350 | D:10     | Entered Level 10 of the Dungeon
 12358 | D:10     | Noticed Harold
 12367 | D:10     | Killed Harold
 13136 | D:10     | Noticed a wizard
 13136 | D:10     | Killed from afar by a wizard

Illustrated notes

Levels and vault maps discovered:
D:1:      nicolae_arrival_washed_ashore, layout_rooms, minmay_pentomino_t2
D:2:      kennysheep_the_goblin_king, layout_loops_cross, minivault_23,
          uniq_robin, uniq_natasha
D:3:      layout_basic, nicolae_overflow_hidden_temple, led_sif_book,
          uniq_terence
D:4:      layout_basic, cheibrodos_sewer_entry_bend, serial_corexii_hall,
          corexii_hall_statues_deadend, chequers_hall_statues_y,
          chequers_hall_statues_wall_a
D:5:      gammafunk_cloud_chamber, layout_basic, mainiacjoe_overflow_alcove_1,
          serial_shops, nicolae_shop_crystal, nicolae_shop_i_like_big_books
D:6:      layout_cave_pools, mainiacjoe_overflow_big_doors,
          minmay_temple_entry_proselytizer, uniq_crazy_yiuf_cottage,
          uniq_menkaure, uniq_duvessa
D:7:      layout_loops_cross, enter_bailey_5, minmay_fractal_squares_diagonal_5
D:8:      layout_basic, bloody_makhleb, elyvilon_altar_3, chei_slow_surprise,
          serial_shops, shop_statue
D:9:      layout_small_grid, kennysheep_mini, dpeg_oklobed_lair
D:10:     minmay_the_grid_four_pointed_star_mashed
          [minmay_the_grid_triangle_9x9_impossible_snake,
          minmay_the_grid_triangle_9x9_empty,
          minmay_the_grid_triangle_9x9_odd_lines,
          minmay_the_grid_triangle_9x9_steps,
          minmay_the_grid_prize_inner_circle], layout_rooms,
          kennysheep_mini_moat, ebering_ghost_funeral_grove, uniq_harold

Skill      XL: |  1  2  3  4  5  6  7  8  9 10 11 |
---------------+----------------------------------+-----
Spellcasting   | 3 4 6 7 8 |  8.0
Air Magic      | 4 5 6 7 9 10 | 10.0
Fighting       | 2 3 4 6 |  6.0
Shields        | 1 2 4 |  4.0
Conjurations   | 2 4 7 |  7.0
Invocations    | 3 |  3.8
Evocations     | 5 |  5.0
Dodging        | 4 6 |  6.0
Stealth        | |  2.6

Action                     |  1- 3 |  4- 6 |  7- 9 | 10-12 || total
---------------------------+-------+-------+-------+-------++-------
  Melee: Unarmed           |    15 |    13 |       |       ||    28
         Constrict         |     5 |     9 |     4 |     8 ||    26
         Tentacles         |     4 |    11 |     7 |     8 ||    30
         Whip              |     5 |    34 |    20 |       ||    59
         Punch             |     1 |       |       |       ||     1
         Mace              |       |       |     1 |    22 ||    23
   Cast: Shock             |    52 |    85 |   152 |   127 ||   416
         Airstrike         |       |       |    42 |    77 ||   119
         Static Discharge  |       |       |     9 |     5 ||    14
         Swiftness         |       |       |     1 |     1 ||     2
         Lightning Bolt    |       |       |       |     5 ||     5
         Arcjolt           |       |       |       |     2 ||     2
 Invoke: Channel Magic     |       |       |     1 |       ||     1
  Evoke: Wand              |       |       |    10 |     5 ||    15
    Use: Scroll            |       |     9 |     9 |     6 ||    24
         Potion            |       |       |     1 |     1 ||     2
   Stab: Sleeping          |       |     2 |     1 |       ||     3
 Armour: Skin              |     2 |     4 |     2 |     2 ||    10
  Dodge: Dodged            |    23 |    29 |    35 |    37 ||   124
  Block: Buckler           |       |     2 |    14 |     9 ||    25

Table legend: (Time is in decaauts)
 A = Elapsed time spent in this place.
 B = Non-inter-level travel time spent in this place.
 C = Inter-level travel time spent in this place.
 D = Time resting spent in this place.
 E = Time spent auto-exploring this place.
 F = Levels seen in this place.
 G = Mean time per level.
                   A        B        C        D        E       F      G
               +--------+--------+--------+--------+--------+-----+--------+
         Total |  13152 |  12697 |    455 |   4595 |   5983 |  12 | 1096.0 |
       Dungeon |  11458 |  11003 |    455 |   3628 |   5754 |  10 | 1145.8 |
         Sewer |    556 |    556 |      0 |    272 |    154 |   1 |  556.0 |
        Bailey |   1137 |   1137 |      0 |    695 |     75 |   1 | 1137.0 |
               +--------+--------+--------+--------+--------+-----+--------+

Top non-repeatable levels by time:
     D:2: 1711 daAuts
     D:8: 1694 daAuts
     D:5: 1431 daAuts
     D:6: 1302 daAuts
  Bailey: 1137 daAuts
     D:3: 1023 daAuts
     D:9: 1020 daAuts
     D:7: 945 daAuts
     D:4: 873 daAuts
     D:1: 781 daAuts
    D:10: 674 daAuts
   Sewer: 556 daAuts
